Map: Eastwatch LE

Players

Pain - Winner!

  • Race: Terran Terran
  • Spawn Location: 7:00

A.I. 1 (Easy)

  • Race: Zerg Zerg
  • Spawn Location: 1:00

VOD

Have the link to the VOD?

Description

Time

  • Played on: March 10, 2018, 2:12 a.m.
  • Length: 13:35
Show
View Real Time Build Order
Export as new Build Order

Pain Terran - Winner!

Build Orders:  

Get SALT Encoding   

  12  0:16  SCV  
  13  0:28  SCV  
  13  0:31  Supply Depot  
  14  0:40  SCV  
  15  1:01  Barracks  
  15  1:12  SCV  
  16  1:24  SCV  
  17  1:36  SCV  
  18  1:42  Barracks  
  18  1:48  SCV  
  18  1:50  Supply Depot  
  19  1:55  Refinery  
  19  2:03  Marine  
  19  2:21  SCV, Marine  
  21  2:33  SCV  
  22  2:39  Marine  
  22  2:40  Engineering Bay  
  23  2:54  Barracks Reactor  
  23  2:56  Marine  
  24  3:14  Marine  
  25  3:25  Supply Depot  
  25  3:30  Marine x2  
  25  3:32  Marine  
  28  3:48  Marine x2  
  30  3:50  Marine  
  31  3:57  Factory  
  31  4:02  Terran Infantry Weapons Level 1  
  31  4:05  Marine  
  31  4:08  Marine  
  33  4:14  Orbital Command  
  33  4:16  Command Center  
  33  4:54  Marine x2  
  36  5:04  Barracks Reactor  
  35  5:11  Marine x2  
  37  5:17  Supply Depot  
  36  5:29  Marine x2  
  36  5:31  SCV  
  39  5:38  Bunker  
  39  5:39  Supply Depot  
  39  5:44  SCV  
  39  5:47  Marine x2  
  42  5:51  Refinery  
  42  5:56  SCV, Terran Infantry Armor Level 1  
  43  6:05  Starport  
  43  6:08  SCV  
  44  6:19  Refinery  
  44  6:20  SCV  
  45  6:29  Marine x4  
  49  6:42  Starport  
  49  6:47  Marine x4  
  53  6:55  Factory Tech Lab  
  53  7:02  Bunker  
  53  7:04  Marine  
  53  7:05  Marine x3  
  57  7:22  Marine x2  
  51  7:23  Marine x2  
  53  7:32  Missile Turret  
  53  7:42  SCV  
  54  7:48  Marine  
  54  7:49  Marine x3  
  58  7:54  SCV  
  58  7:55  Missile Turret  
  59  8:00  Supply Depot  
  59  8:06  SCV, Marine x3  
  59  8:07  Marine  
  64  8:18  SCV  
  65  8:24  Marine x4  
  69  8:30  SCV  
  69  8:31  Medivac  
  72  8:42  Marine x4  
  76  8:55  Starport Tech Lab  
  76  9:01  Medivac  
  78  9:21  Refinery  
  78  9:49  Armory  
  78  10:53  Terran Infantry Weapons Level 2  
  78  11:52  SCV  
  78  11:54  Marine  
  78  11:55  Marine  
  78  11:56  Marine  
  78  12:23  Supply Depot  
  78  12:44  Medivac x2, Marine x4  
  78  12:46  Supply Depot  
  86  13:07  SCV x2, Marine x4  
  86  13:09  Supply Depot  
  94  13:32  Supply Depot  
Show
View Real Time Build Order
Export as new Build Order

A.I. 1 (Easy) Zerg 

Build Orders: Pool First 

Get SALT Encoding   

  12  0:00  Drone  
  13  0:12  Overlord  
  13  0:16  Drone  
  14  0:31  Drone  
  14  0:35  Drone  
  16  0:44  Spawning Pool  
  16  0:45  Extractor  
  16  0:48  Drone  
  15  0:52  Drone  
  16  1:00  Overlord  
  16  1:31  Zergling x2, Queen  
  19  1:33  Roach Warren  
  19  1:35  Drone  
  19  1:40  Extractor  
  19  1:42  Drone  
  19  1:56  Zergling x2  
  20  2:07  Overlord  
  20  2:20  Lair, Roach  
  22  2:44  Roach  
  24  2:56  Drone  
  25  3:01  Drone  
  26  3:07  Drone  
  26  3:12  Drone  
  28  3:21  Overlord, Hydralisk Den  
  28  3:26  Drone  
  28  3:31  Drone  
  29  3:36  Drone  
  30  3:51  Hydralisk  
  32  4:15  Hydralisk  
  34  6:29  Overseer, Drone, Roach  
  34  6:30  Overlord, Overseer  
  37  6:33  Drone  
  37  6:37  Drone  
  37  6:38  Hatchery  
  38  6:42  Drone  
  38  6:46  Drone  
  40  6:50  Roach  
  42  7:11  Roach  
  34  7:32  Zergling x2  
  35  7:42  Overlord, Overseer  
  35  7:51  Drone  
  35  7:53  Roach  
  35  7:56  Drone  
  39  7:59  Extractor  
  39  8:00  Drone  
  39  8:01  Extractor  
  39  8:04  Drone  
  39  8:09  Drone  
  40  8:13  Drone, Roach  
  40  8:17  Drone  
  44  8:22  Drone  
  44  8:26  Drone  
  46  8:30  Drone  
  46  8:33  Hydralisk  
  49  8:34  Drone  
  49  8:39  Drone  
  49  8:40  Overlord  
  51  8:43  Drone  
  51  8:47  Drone  
  53  8:52  Drone  
  53  8:54  Hydralisk  
  56  8:56  Drone  
  56  9:00  Drone  
  58  9:04  Drone  
  58  9:09  Drone  
  60  9:10  Overlord  
  60  9:13  Drone  
  61  9:17  Drone  
  61  9:22  Drone  
  63  11:45  Pneumatized Carapace  
  63  11:46  Overlord, Overseer  
  63  11:48  Infestation Pit  
  63  11:51  Evolution Chamber, Zergling x2  
  63  11:53  Spire  
  46  12:14  Hydralisk  
  48  12:26  Drone  
  48  12:29  Zergling x2  
  39  12:30  Drone  
  39  12:34  Drone  
  38  12:39  Drone  
  38  12:43  Drone  
  38  12:44  Roach  
  39  12:48  Drone  
  37  12:52  Drone  
  37  12:57  Drone, Hydralisk  
  38  13:01  Drone  
  35  13:05  Drone  
  35  13:07  Overlord, Overseer  
  35  13:10  Drone  
  35  13:12  Zergling x2  
  36  13:14  Drone  
  37  13:20  Hatchery  
Tags
 
Matchup
TvZ
Opening
Pool First
Replay Pack
RP
Spawn Locations
Cross Positions
Add a new tag
Caveats
  • Supply blocks, unpowered buildings, or Contaminate may cause inaccurate times.
  • Supply counts are checked every 10 seconds.